 Dungeon Crawl Stone Soup version 0.19.0-16-g73b5abf (webtiles) character file.

39 Leibowitz the Poker (level 3, -1/28 HPs)
             Began as a Merfolk Gladiator on Nov 10, 2016.
             Slain by an iron imp (4 damage)
             ... summoned by Natasha
             ... on level 2 of the Dungeon.
             The game lasted 00:01:53 (995 turns).

Leibowitz the Poker (Merfolk Gladiator)              Turns: 995, Time: 00:01:54

Health: -1/28      AC:  4    Str: 15    XL:     3   Next: 45%
Magic:  3/3        EV: 12    Int:  7    God:
Gold:   115        SH:  0    Dex: 15    Spells: 0 memorised, 2 levels left

rFire  . . .     SeeInvis .     a - +0 trident
rCold  . . .     Gourm    .     b - +0 leather armour
rNeg   . . .     Faith    .     (no shield)
rPois  .         Spirit   .     c - +0 helmet
rElec  .         Reflect  .     (no cloak)
rCorr  .         Harm     .     (no gloves)
MR     +....                    (no boots)
Stlth  +.........               (no amulet)
                                (no ring)
                                k - -2 ring of evasion (curse)

@: slowed, very slow
A: change form in water, swift swim, stealthy swim, magic resistance 1
a: no special abilities


You were on level 2 of the Dungeon.
You were not hungry.

You visited 1 branch of the dungeon, and saw 2 of its levels.

You collected 115 gold pieces.

Inventory:

Hand Weapons
 a - a +0 trident (weapon)
Missiles
 d - 3 throwing nets
 h - 8 javelins (quivered)
Armour
 b - a +0 leather armour (worn)
 c - a +0 helmet (worn)
Jewellery
 k - a cursed -2 ring of evasion (left hand)
Scrolls
 e - a scroll of teleportation {unknown}
 i - 4 scrolls of identify {unknown}
 j - a scroll of magic mapping {unknown}
 l - a scroll of recharging {unknown}
Potions
 m - a potion of lignification {unknown}
 n - a potion of flight {unknown}
 o - a potion of degeneration {unknown}
Comestibles
 f - 3 bread rations
 p - a beef jerky
 r - 3 fruits
 s - 2 meat rations


   Skills:
 + Level 2.5 Fighting
 + Level 5.5 Polearms
 + Level 2.2 Throwing
 + Level 0.2 Armour
 + Level 4.3 Dodging


You had 2 spell levels left.
You didn't know any spells.

Dungeon Overview and Level Annotations

Branches:
Dungeon (2/15)

Altars:
The Shining One

Annotations:
D:2 Natasha


Innate Abilities, Weirdness & Mutations

You revert to your normal form in water.
You are very nimble and swift while swimming.
You are very stealthy in the water. (Stealth+)
You are resistant to hostile enchantments. (MR+)


Message History

Natasha claws you but does no damage.
A hobgoblin comes into view.
You hit Natasha.
Natasha is heavily wounded.
The goblin hits you but does no damage. Natasha casts a spell at you.
You feel yourself slow down.
You hit Natasha.
Natasha is almost dead.
The goblin barely misses you. The iron imp barely misses you.
Natasha claws you!
* * * LOW HITPOINT WARNING * * *
The goblin barely misses you.
The iron imp laughs crazily.
The iron imp misses you.
It was a potion of beneficial mutation.
You feel resistant to hostile enchantments.
You feel fantastic! Natasha closely misses you. The goblin barely misses you.
The iron imp hits you.
You die...

## ######## ...
#......# ....#......#
....#......#
...........##########
....#.......#.......#
......g.............#
#.h@5.$.#.......#
#.##.g..?..#.......###
.......$..............
#..##########.#†.######
#. #...## . #....#
##.#.# #.#.# .. #.#
#.#.. .#


You could see an iron imp, Natasha, a hobgoblin and a goblin.

Vanquished Creatures
  An adder (D:2)
  2 leopard geckos
  A bat (D:2)
  2 giant cockroaches (D:1)
  4 hobgoblins (D:1)
  2 jackals (D:1)
  4 kobolds
  2 ball pythons (D:2)
  A frilled lizard (D:2)
  3 goblins (D:1)
  6 rats
28 creatures vanquished.

Notes
Turn   | Place    | Note
-------+----------+-------------------------------------------
     0 | D:1      | Leibowitz the Merfolk Gladiator began the quest for the Orb.
     0 | D:1      | Reached XP level 1. HP: 16/16 MP: 1/1
   188 | D:1      | Reached XP level 2. HP: 15/22 MP: 2/2
   284 | D:1      | Reached skill level 5 in Polearms
   366 | D:1      | Found a glowing golden altar of the Shining One.
   749 | D:2      | Reached XP level 3. HP: 27/27 MP: 3/3
   985 | D:2      | Noticed Natasha
   995 | D:2      | Gained mutation: You are resistant to hostile enchantments. (MR+) [potion of beneficial mutation]
   995 | D:2      | Slain by an iron imp

Skill      XL: |  1  2 |
---------------+-------+-----
Polearms       | 5 |  5.5
Fighting       | |  2.5
Throwing       | |  2.2
Armour         | |  0.2
Dodging        | |  4.3

Action                   || total
-------------------------++-------
Melee: Trident           ||    88
  Use: Potion            ||     1
Armor: Leather armour    ||    25
Dodge: Dodged            ||    60
